 Dungeon Crawl Stone Soup version 0.29.1-15-g9cfb28693d (webtiles) character file.

Game seed: 14830506133555484465

3774 MacCMillion the Skirmisher (level 9, -3/75 HPs)
             Began as a Demigod Hunter on Apr 4, 2023.
             Slain by a hornet (6 damage)
             ... while paralysed by a hornet
             ... on level 7 of the Dungeon.
             The game lasted 00:20:46 (11431 turns).

MacCMillion the Skirmisher (Demigod Hunter)        Turns: 11431, Time: 00:20:47

Health: -3/75      AC: 11    Str: 12    XL:     9   Next: 63%
Magic:  11/11      EV:  2    Int: 11    God:
Gold:   423        SH:  0    Dex: 32    Spells: 8/8 levels left

rFire   . . .      SeeInvis +   a - +0 shortbow
rCold   . . .      Faith    .   (shield currently unavailable)
rNeg    + . .      Spirit   .   h - +3 leather armour
rPois   .          Reflect  .   s - +2 helmet
rElec   .          Harm     .   (no cloak)
rCorr   .          Rampage  .   (no gloves)
Will    .....      NoCast   +   q - +1 pair of boots
Stlth   +++.......              e - amulet "Apto" {-Cast Regen+ Dex+3 SInv}
HPRegen 1.02/turn               u - ring of positive energy
MPRegen 0.12/turn               (no ring)

@: paralysed, lethally poisoned (-3 -> -5), slowed, studying Maces & Flails
A: high MP 1, forlorn, divine attributes
a: no special abilities


You were on level 7 of the Dungeon.
You visited 1 branch of the dungeon, and saw 8 of its levels.

You collected 423 gold pieces.

Inventory:

Hand Weapons
 a - a +0 shortbow (weapon)
Missiles
 C - a throwing net
Armour
 c - a +0 leather armour
 h - a +3 leather armour (worn)
 n - a +2 buckler
 q - a +1 pair of boots (worn)
 s - a +2 helmet (worn)
Jewellery
 e - the amulet "Apto" (around neck) {-Cast Regen+ Dex+3 SInv}
   (You acquired it on level 4 of the Dungeon)

   [amulet of regeneration]

   Dex:       It affects your dexterity (+3).
   SInv:      It lets you see invisible.
   -Cast:     It prevents spellcasting.
   Regen:     It increases your rate of health regeneration.
 l - a ring of fire
 p - an amulet of reflection
 u - a ring of positive energy (left hand)
Wands
 v - a wand of mindburst (16)
 D - a wand of charming (6)
 G - a wand of polymorph (5)
 H - a wand of iceblast (10)
Scrolls
 b - a scroll of immolation
 f - 2 scrolls of enchant weapon {unknown}
 i - 4 scrolls of identify
 k - 2 scrolls of enchant armour
 m - 2 scrolls of vulnerability {unknown}
 o - 3 scrolls of blinking
 r - 3 scrolls of teleportation
 t - 4 scrolls of summoning
 w - 4 scrolls of fear
 y - a scroll of magic mapping {unknown}
 z - 2 scrolls of amnesia {unknown}
Potions
 d - 2 potions of curing
 g - 2 potions of mutation {unknown}
 j - 4 potions of brilliance
 x - a potion of lignification {unknown}
 A - a potion of invisibility {unknown}
 B - a potion of flight {unknown}
 E - a potion of experience {unknown}
 F - a potion of haste {unknown}


   Skills:
 + Level 5.6 Fighting
 + Level 13.2 Ranged Weapons
 + Level 5.6 Dodging
 - Level 2.0 Stealth
 + Level 3.3 Evocations


You had 8 spell levels left.
You didn't know any spells.
Your spell library contained the following spells:

 Spells                   Type           Power      Damage    Failure   Level
 Sandblast                Erth           0%         2d4       41%         1
 Blink                    Tloc           0%         N/A       56%         2
 Ensorcelled Hibernation  Hex/Ice        0%         N/A       56%         2
 Passwall                 Tmut/Erth      0%         N/A       56%         2
 Dazzling Flash           Conj/Hex       0%         N/A       80%         3
 Ignite Poison            Fire/Tmut/Pois 0%         N/A       80%         3
 Lesser Beckoning         Tloc           0%         N/A       80%         3
 Mephitic Cloud           Conj/Pois/Air  0%         N/A       80%         3
 Spider Form              Tmut/Pois      0%         N/A       80%         3
 Stone Arrow              Conj/Erth      0%         3d7       80%         3
 Swiftness                Air            0%         N/A       80%         3
 Tukima's Dance           Hex            0%         N/A       80%         3
 Anguish                  Hex/Necr       0%         N/A       99%         4
 Iskenderun's Mystic Bla  Conj/Tloc      0%         2d3       99%         4
 Passage of Golubria      Tloc           0%         N/A       99%         4
 Freezing Cloud           Conj/Ice/Air   0%         6-21      100%        5
 Manifold Assault         Tloc           0%         N/A       100%        5
 Yara's Violent Unravell  Hex/Tmut       0%         3d3       100%        5
 Starburst                Conj/Fire      0%         6d3       100%        6


Dungeon Overview and Level Annotations

Branches:
Dungeon (8/15)             Temple (0/1) D:4
   Lair: D:8-11

Shops:
D:2 *   D:3 [   D:7 (

Portals:
Abyss: D:6

Annotations:
D:3 2 transporters, engelados's ghost, amateur DgCj
D:6 2 transporters, engelados's ghost, novice DgCj


Innate Abilities, Weirdness & Mutations

You have an increased reservoir of magic. (+10% MP)
You shall have no god before yourself.
Your divine heritage dramatically boosts your attributes as you level up.


Message History

You shoot an arrow. The arrow hits the hornet!
The hornet is heavily wounded.
The hornet completely misses you.
The bullfrog hits the fungus.
The fungus begins to die.
The hornet stings you!
You feel as though you will be slow longer.
The bullfrog hits the fungus.
You shoot an arrow.
The arrow hits the hornet but does no damage.
The hornet is heavily wounded.
A nearby fungus withers and dies. x2; The hornet stings you!
You suddenly lose the ability to move!
The hornet stings you but does no damage.
A nearby fungus withers and dies. x2; The hornet stings you.
You feel as though you will be slow longer.
The hornet stings you!
You feel as though you will be slow longer.
You can move again.
The hornet misses you. The hornet barely misses you.
You climb upwards.
There is a stone staircase leading down here.
Unknown command.
You shoot an arrow. The arrow barely misses the hornet.
The hornet stings you!
You feel as though you will be slow longer.
The hornet stings you!
* * * LOW HITPOINT WARNING * * *
You are poisoned.
You feel as though you will be slow longer.
You feel better. The hornet stings you!
* * * LOW HITPOINT WARNING * * *
You suddenly lose the ability to move!
The hornet completely misses you. The hornet stings you!
* * * LOW HITPOINT WARNING * * *
You are poisoned.
You feel as though you will be slow longer.
You feel very sick. The hornet stings you!
* * * LOW HITPOINT WARNING * * *
You feel as though you will be slow longer.
The hornet stings you.
You die...

...##.............#.#
.........#..#######.#
.........#..##### #.#
......##.#......###.#
.......#.####.#..##.#
......)#.#.##..#.##.#
...............#.##.#
...........###..y##.#
................@##.####
#####......########....#
# #......##......###.# #
###..#.##.##.......# #
##.#.##.#######..# #
#.#..........#..#
########.####.####.##..#
.........# #.#
#.##..##### ##########
#.# #.##......#


You could see a hornet.

Vanquished Creatures
  Joseph (D:7)
  Prince Ribbit (D:5)
  A wraith (D:6)
  2 steam dragons (D:7)
  A water moccasin (D:7)
  An ice beast (D:7)
  A black bear (D:7)
  An orc warrior (D:6)
  2 sky beasts
  7 centaurs
  2 gnoll sergeants (D:7)
  A kobold brigand (D:7)
  A bullfrog (D:7)
  A necrophage (D:4)
  7 scorpions
  6 electric eels (D:6)
  A quasit (D:7)
  5 hounds
  A gnoll bouda (D:5)
  3 orc priests
  4 jellies (D:6)
  An orc wizard (D:6)
  2 iguanas
  6 gnolls
  8 adders
  2 shadow imps (D:6)
  4 white imps (D:7)
  2 ufetubi (D:7)
  2 worms
  7 dart slugs
  9 orcs
  2 bats (D:3)
  7 endoplasms
  3 giant cockroaches
  5 goblins
  9 hobgoblins
  10 jackals
  19 kobolds
  4 quokkas
  4 ball pythons
  4 frilled lizards
  3 rats
163 creatures vanquished.

Vanquished Creatures (others)
  5 demonic plants (D:7)
  7 fungi (D:8)
  26 plants
38 creatures vanquished.

Grand Total: 201 creatures vanquished

Notes
Turn   | Place    | Note
-------+----------+-------------------------------------------
     0 | D:1      | MacCMillion the Demigod Hunter began the quest for the Orb.
     0 | D:1      | Reached XP level 1. HP: 17/17 MP: 3/3
    14 | D:1      | Reached skill level 1 in Stealth
   190 | D:1      | Reached XP level 2. HP: 24/24 MP: 4/4
   256 | D:1      | Reached skill level 4 in Ranged Weapons
   752 | D:1      | Reached XP level 3. HP: 29/29 MP: 5/5
  1506 | D:2      | Reached XP level 4. HP: 36/36 MP: 6/6
  1531 | D:2      | Reached skill level 5 in Ranged Weapons
  1650 | D:2      | Found Daaskodo's Assorted Antiques.
  1814 | D:3      | Found a transporter.
  1878 | D:3      | Found a transporter.
  1890 | D:3      | Identified the +7 spear of Maxei {elec, rF- rC++}
  1893 | D:3      | Noticed engelados's ghost (amateur DgCj)
  2255 | D:3      | Found Xytav's Armour Shoppe.
  2396 | D:4      | Reached XP level 5. HP: 41/41 MP: 7/7
  2516 | D:4      | Reached skill level 6 in Ranged Weapons
  2739 | D:4      | Identified 2 scrolls of acquirement
  2739 | D:4      | Acquired the amulet "Apto" {-Cast Regen+ Dex+3 SInv}
  2751 | D:4      | Acquired a manual of Ranged Weapons
  3008 | D:4      | Noticed a centaur
  3510 | D:4      | Reached skill level 7 in Ranged Weapons
  3510 | D:4      | Reached XP level 6. HP: 25/48 MP: 8/8
  3547 | D:4      | Found a staircase to the Ecumenical Temple.
  4620 | D:5      | Entered Level 5 of the Dungeon
  4728 | D:5      | Reached skill level 8 in Ranged Weapons
  4928 | D:5      | Noticed Prince Ribbit
  4943 | D:4      | Reached skill level 9 in Ranged Weapons
  4946 | D:4      | Reached XP level 7. HP: 53/53 MP: 9/9
  5374 | D:4      | Found a staircase to the Ecumenical Temple.
  5863 | D:4      | Found a staircase to the Ecumenical Temple.
  6274 | D:5      | Killed Prince Ribbit
  6275 | D:5      | Reached skill level 10 in Ranged Weapons
  6508 | D:5      | Reached skill level 11 in Ranged Weapons
  7098 | D:6      | Reached XP level 8. HP: 62/62 MP: 10/10
  7167 | D:6      | Found a transporter.
  7170 | D:6      | Found a transporter.
  7396 | D:6      | Reached skill level 1 in Evocations
  7428 | D:6      | Found a one-way gate to the infinite horrors of the Abyss.
  7428 | D:6      | Noticed engelados's ghost (novice DgCj)
  8302 | D:6      | Reached skill level 12 in Ranged Weapons
  8919 | D:7      | Found Ujyaf's Weapon Shoppe.
  9568 | D:7      | Identified the +10 rapier "Lacakh" {flame, Str+3}
  9639 | D:7      | Reached XP level 9. HP: 68/71 MP: 11/11
 10690 | D:7      | Noticed Joseph
 10707 | D:7      | Killed Joseph
 10708 | D:7      | Reached skill level 5 in Fighting
 10708 | D:7      | Reached skill level 13 in Ranged Weapons
 10708 | D:7      | Reached skill level 5 in Dodging
 11424 | D:8      | Paralysed by a hornet for 2 turns
 11429 | D:7      | Paralysed by a hornet for 3 turns
 11431 | D:7      | HP: 3/75 [hornet (7)]
 11431 | D:7      | Slain by a hornet

Illustrated notes

Levels and vault maps discovered:
D:1:      dpeg_arrival_arbitrary_c, layout_rooms,
          hellmonk_ecumenical_altar_arch_garden, amcnicky_mini_corridor_feature
D:2:      layout_loops_ring, serial_shops, nicolae_shop_overgrown_old_shop,
          basic_altar
D:3:      layout_loops_cross, serial_shops,
          nicolae_shop_competitors_out_of_business,
          gammafunk_ghost_gnarly_gnolls
D:4:      layout_basic, old_standard_altar, xom_teletrap_fun,
          nicolae_overflow_crystal_walls, kennysheep_mini,
          nicolae_overflow_hidden_temple, minmay_temple_entry_poolview,
          minmay_manual_mares
D:5:      layout_basic, fedhas_bush_and_centaur_altar,
          mainiacjoe_overflow_concentric_impassable, slow_altar_2,
          minmay_misc_feat_alley, uniq_prince_ribbit1
D:6:      cheibrodos_two_vegetables, layout_basic,
          gammafunk_ghost_abyssal_escape, minmay_misc_feat_hallway,
          grunt_ministairs_9
D:7:      layout_basic, serial_shops, shop, serial_demonic, serial_demonic_d,
          serial_demonic_g, serial_demonic_g, serial_demonic_a,
          nicolae_grassy_gnolls, uniq_joseph
D:8:      layout_cave_pools, nicolae_elyvilon_temple_path,
          kennysheep_little_box, due_lair_maze_entry_diamond

Skill      XL: |  1  2  3  4  5  6  7  8  9 |
---------------+----------------------------+-----
Stealth        | 1 2 |  2.0
Ranged Weapons | 4 5 7 9 11 12 13 | 13.2
Fighting       | 2 4 5 |  5.6
Dodging        | 2 4 5 |  5.6
Evocations     | 3 |  3.3

Action                   |  1- 3 |  4- 6 |  7- 9 || total
-------------------------+-------+-------+-------++-------
 Fire: Shortbow          |   117 |   135 |   353 ||   605
Evoke: Wand              |       |       |     1 ||     1
  Use: Scroll            |       |     9 |       ||     9
       Potion            |       |       |     1 ||     1
Armor: Leather armour    |    21 |    34 |    38 ||    93
Dodge: Dodged            |    42 |    56 |    83 ||   181
Block: Other             |       |     4 |       ||     4
